 Dungeon Crawl Stone Soup version 0.23.1 (webtiles) character file.

Game seed: 14240511831412930542

5698 Pootle the Basher (level 11, -4/77 (78) HPs)
             Began as a Formicid Abyssal Knight on Mar 13, 2019.
             Was a Priest of Lugonu.
             Slain by a wyvern (7 damage)
             ... on level 9 of the Dungeon.
             The game lasted 00:27:31 (10653 turns).

Pootle the Basher (Formicid Abyssal Knight)        Turns: 10653, Time: 00:27:32

HP:   -4/77 (78)    AC: 16    Str: 20    XL:     11   Next: 4%
MP:   15/15         EV:  9    Int: 12    God:    Lugonu [***...]
Gold: 356           SH:  9    Dex: 10    Spells: 10/10 levels left

rFire    . . .     SeeInvis +   u - +0 flail
rCold    . . .     Gourm    .   K - +0 shield
rNeg     . . .     Faith    .   n - +3 ring mail
rPois    .         Spirit   .   (helmet unavailable)
rElec    .         Reflect  .   w - +2 cloak {+Inv}
rCorr    .         Harm     .   (no gloves)
MR       ++...                  E - +1 pair of boots
Stlth    ..........             g - amulet of regeneration
HPRegen  0.62/turn              h - +1 ring of protection
MPRegen  0.14/turn              v - ring of protection from magic

@: no status effects
A: permanent stasis, dig shafts and tunnels, four strong arms, antennae 3
a: Dig, Shaft Self, Depart the Abyss, Bend Space, Banish, Renounce Religion,
Evoke Invisibility


You were on level 9 of the Dungeon.
You worshipped Lugonu.
Lugonu was most pleased with you.
You were not hungry.

You visited 1 branch of the dungeon, and saw 9 of its levels.
You visited the Abyss 1 time.

You collected 521 gold pieces.
You spent 165 gold pieces at shops.

Inventory:

Hand Weapons
 a - a +1 mace
 u - a +0 flail (weapon)
Missiles
 d - 11 javelins (quivered)
 H - 4 throwing nets
Armour
 n - a +3 ring mail (worn)
 t - a +0 chain mail
 w - a +2 cloak of invisibility (worn)
 E - a +1 pair of boots (worn)
 K - a +0 shield (worn)
Jewellery
 g - an amulet of regeneration (around neck)
 h - a +1 ring of protection (left hand)
 i - an uncursed ring of flight
 k - a +3 ring of strength
 v - a ring of protection from magic (right hand)
Wands
 B - a wand of digging (12)
 F - a wand of iceblast (5)
Scrolls
 f - 4 scrolls of remove curse
 l - 5 scrolls of identify
 o - 3 scrolls of fog {unknown}
 p - 2 scrolls of noise
 q - 3 scrolls of magic mapping {unknown}
 r - 2 scrolls of enchant weapon {unknown}
 y - 3 scrolls of enchant armour {unknown}
 A - a scroll of immolation {unknown}
 I - a scroll of random uselessness {unknown}
Potions
 b - 2 potions of flight
 e - a potion of brilliance {unknown}
 j - a potion of mutation {unknown}
 m - a potion of lignification {unknown}
 s - 3 potions of curing
 x - a potion of invisibility {unknown}
 z - a potion of agility {unknown}
 C - a potion of magic {unknown}
 D - a potion of heal wounds {unknown}
 G - 2 potions of haste {unknown}
Comestibles
 c - 19 rations


   Skills:
 + Level 4.8 Fighting
 + Level 11.8 Maces & Flails
 + Level 7.6 Armour
 - Level 0.8 Dodging
 * Level 3.2 Shields
 * Level 6.6 Invocations
 * Level 4.4 Evocations


You had 10 spell levels left.
You didn't know any spells.
Your spell library contained the following spells:

 Spells                   Type           Power        Failure   Level  Hunger
 Shock                    Conj/Air       #...         87%         1    ##.....
 Swiftness                Chrm/Air       #.......     95%         2    ###....
 Static Discharge         Conj/Air       #.......     99%         3    ####...
 Airstrike                Air            #.........   100%        4    #####..
 Lightning Bolt           Conj/Air       #.........   100%        5    ######.


Dungeon Overview and Level Annotations

Branches:
Dungeon (9/15)             Temple (0/1) D:5
   Lair: D:8-11         Orc: D:9-12

Altars:
Gozag
Nemelex Xobeh
Ru
Zin

Shops:
D:6 *

Annotations:
D:3 exclusion: 2 downstairs
D:5 exclusion: downstairs
D:6 exclusion: 2 downstairs
D:7 exclusion: downstairs
D:8 exclusion: 2 downstairs
Abyss:1 Erica, Psyche


Innate Abilities, Weirdness & Mutations

You cannot be hasted, slowed, berserked, paralysed or teleported.
You can dig through walls and to a lower floor.
Your four strong arms can wield two-handed weapons with a shield.
You have a pair of large antennae on your head. (SInv)


Message History

You thump the wyvern!
The wyvern is heavily wounded.
The wyvern bites you but does no damage.
You thump the wyvern!
The wyvern is almost dead.
The wyvern bites you!
* * * LOW HITPOINT WARNING * * *
The wyvern bites you.
* * * LOW HITPOINT WARNING * * *
You closely miss the wyvern.
The wyvern is almost dead.
The wyvern barely misses you.
You hit the wyvern but do no damage.
The wyvern is almost dead.
The wyvern bites you!
* * * LOW HITPOINT WARNING * * *
You barely miss the wyvern.
The wyvern is almost dead.
The wyvern closely misses you. The wyvern bites you!
You die...

.....## ....##
#.. #..## ...
#.## ... ### ...
#.# #.# ##l# ##@#
## ##..# .#######
##..##
.......######..##
######........##
#....#..## ####
#........# ##..##
##.......##
##....#
##.......#
##.....#


You could see a wyvern.

Vanquished Creatures
  Pikel (D:5)
  Grinder (D:4)
  Sigmund (D:5)
  2 basilisks (D:9)
  2 porcupines (D:9)
  3 sky beasts
  2 slaves (D:5)
  An orc warrior (D:7)
  A black bear (D:8)
  A phantom (D:9)
  2 necrophages (D:8)
  4 ogres
  A centaur (D:5)
  4 bullfrogs
  A gnoll sergeant (D:8)
  3 scorpions
  8 killer bees
  3 crimson imps
  A jelly (D:7)
  2 hounds
  Crazy Yiuf (D:3)
  A gnoll shaman (D:5)
  3 orc priests
  2 bullfrog skeletons (D:4)
  Ijyb (D:5)
  A centaur skeleton (D:4)
  Jessica (D:2)
  4 worker ants (D:4)
  Natasha (thrice) (D:3)
  An iguana (D:8)
  5 orc wizards
  10 gnolls
  10 adders
  2 shadow imps
  2 oozes
  3 adder skeletons
  2 adder zombies
  2 worms (D:2)
  2 leopard geckos (D:4)
  25 orcs
  8 giant cockroaches
  6 goblins
  5 hobgoblins
  12 jackals
  6 quokkas
  A ball python (D:3)
  7 bats
  3 frilled lizards
  A jackal skeleton (D:6)
  3 kobolds
  A quokka skeleton (D:4)
  8 rats
186 creatures vanquished.

Vanquished Creatures (others)
  2 two-headed ogres
  A crimson imp (D:5)
  A bullfrog skeleton (D:5)
  An adder (D:5)
  A shadow imp (D:5)
  An adder zombie (D:5)
  4 fungi (D:9)
  7 plants (D:9)
  2 starspawn tentacles (Abyss:1)
20 creatures vanquished.

Grand Total: 206 creatures vanquished

Notes
Turn   | Place    | Note
-------+----------+-------------------------------------------
     0 | Abyss:1  | Pootle the Formicid Abyssal Knight began the quest for the
                  | Orb.
     0 | Abyss:1  | Reached XP level 1. HP: 18/18 MP: 2/2
    31 | Abyss:1  | Noticed a neqoxec
    40 | Abyss:1  | Noticed a tentacled starspawn
    64 | D:1      | Escaped the Abyss
   121 | D:1      | Reached * piety under Lugonu
   469 | D:1      | Reached XP level 2. HP: 22/24 MP: 3/3
  1164 | D:2      | Reached XP level 3. HP: 11/29 MP: 4/4
  1274 | D:2      | Noticed Jessica
  1284 | D:2      | Reached skill level 3 in Maces & Flails
  1298 | D:2      | Killed Jessica
  1298 | D:2      | Reached XP level 4. HP: 27/35 MP: 5/5
  1514 | D:2      | Reached skill level 4 in Maces & Flails
  2155 | D:3      | Reached XP level 5. HP: 12/41 MP: 6/6
  2288 | D:3      | Reached ** piety under Lugonu
  2304 | D:3      | Reached skill level 5 in Maces & Flails
  2564 | D:3      | Noticed Natasha
  2568 | D:3      | Killed Natasha
  2568 | D:3      | Reached XP level 6. HP: 44/47 MP: 7/7
  2608 | D:3      | Noticed Natasha
  2616 | D:3      | Killed Natasha
  2812 | D:3      | Found an opulent altar of Gozag.
  2868 | D:3      | Found a runed translucent door.
  2869 | D:3      | Noticed Crazy Yiuf
  2909 | D:3      | Noticed Natasha
  2914 | D:3      | Killed Natasha
  2914 | D:3      | Reached skill level 6 in Maces & Flails
  3329 | D:4      | Reached XP level 7. HP: 42/52 MP: 8/8
  3608 | D:4      | Reached *** piety under Lugonu
  3717 | D:4      | Noticed Grinder
  3808 | D:4      | Reached skill level 7 in Maces & Flails
  4337 | D:4      | Reached XP level 8. HP: 58/58 MP: 9/9
  4496 | D:4      | Killed Grinder
  4496 | D:4      | Reached skill level 8 in Maces & Flails
  4686 | D:5      | Entered Level 5 of the Dungeon
  5143 | D:5      | Noticed Pikel
  5179 | D:5      | Reached skill level 5 in Armour
  5193 | D:5      | Killed Pikel
  5193 | D:5      | Reached skill level 9 in Maces & Flails
  5193 | D:5      | Reached XP level 9. HP: 39/64 MP: 10/10
  5300 | D:5      | Found a staircase to the Ecumenical Temple.
  5388 | D:5      | Noticed Sigmund
  5399 | D:5      | Killed Sigmund
  5399 | D:5      | Reached skill level 10 in Maces & Flails
  5446 | D:5      | Noticed Ijyb
  5453 | D:5      | Killed Ijyb
  6116 | D:3      | Killed Crazy Yiuf
  6482 | D:6      | Found Moneq's Assorted Antiques.
  6495 | D:6      | Bought a pair of glowing boots for 165 gold pieces
  6611 | D:6      | Found a sparkling altar of Nemelex Xobeh.
  6627 | D:6      | Found a glowing silver altar of Zin.
  7145 | D:7      | Noticed a troll
  7234 | D:7      | Reached skill level 1 in Evocations
  7432 | D:7      | Noticed a troll
  8152 | D:7      | Noticed a two-headed ogre
  8166 | D:7      | Banished a two-headed ogre
  8166 | D:7      | Reached XP level 10. HP: 70/70 MP: 11/13
  8392 | D:7      | Reached skill level 11 in Maces & Flails
  9237 | D:8      | Noticed a two-headed ogre
  9239 | D:8      | Banished a two-headed ogre
  9239 | D:8      | Reached skill level 5 in Invocations
  9632 | D:9      | Noticed Psyche
  9654 | D:9      | Banished Psyche
  9781 | D:9      | Reached skill level 1 in Shields
  9793 | D:9      | Found a sacrificial altar of Ru.
 10083 | D:9      | Noticed Erica
 10101 | D:8      | Banished Erica
 10422 | D:9      | Reached XP level 11. HP: 70/77 MP: 15/15
 10652 | D:9      | HP: 2/77 [wyvern (11)]
 10653 | D:9      | Slain by a wyvern

Skill      XL: |  1  2  3  4  5  6  7  8  9 10 11 |
---------------+----------------------------------+-----
Maces & Flails | 3 4 5 6 7 9 10 11 | 11.8
Armour         | 3 6 7 |  7.6
Invocations    | 4 6 |  6.6
Evocations     | 2 4 |  4.4
Fighting       | 4 |  4.8
Shields        | 2 3 |  3.2
Dodging        | |  0.8

Action                   |  1- 3 |  4- 6 |  7- 9 | 10-12 || total
-------------------------+-------+-------+-------+-------++-------
Melee: Mace              |    80 |    68 |       |       ||   148
       Flail             |       |   137 |   354 |   357 ||   848
Throw: Javelin           |       |     2 |    22 |     4 ||    28
Invok: Depart the Abyss  |     1 |       |       |       ||     1
       Bend Space        |       |       |     2 |     2 ||     4
       Banish            |       |       |       |     5 ||     5
 Abil: Dig               |       |       |       |     2 ||     2
  Use: Scroll            |       |       |     6 |       ||     6
  Eat: Chunk             |     1 |     7 |    12 |     4 ||    24
       Ration            |       |       |     1 |     2 ||     3
Armor: Leather armour    |     3 |       |       |       ||     3
       Ring mail         |    22 |    39 |   124 |   155 ||   340
       Scale mail        |    10 |       |       |       ||    10
       Chain mail        |       |    78 |       |       ||    78
Dodge: Dodged            |    53 |    79 |   179 |   131 ||   442
Block: Shield            |       |       |       |    82 ||    82
